AoeStats
← dashuaibi

Black Forest

508828110Analyzed
4v4 RM · 8d ago on Sep 24, 2026· 39m 37s· 8 players
Game mode
Random Map
Map size
Large (8 player)
Population
200
Speed
Normal
Resources
Standard
Victory
Conquest
Starting age
Dark Age
Ending age
Imperial Age
RankedLock teamsTeams togetherTeam positionsShared explorationLock speedFull tech treeHidden civsTurbo modeCheats
Victory
Defeat
🇨🇳 Byzantines · China
1321
+15
🇹🇷 Mongols · Türkiye
1306
+16
🇻🇳 Persians · Vietnam
1261
+18
🇹🇼 Varangians · Taiwan
1257
+18
🇮🇳 Turks · India
1413
-22
🇨🇳 Persians · China
1395
-20
🇹🇼 Lithuanians · Taiwan
1220
-13
🇺🇸 Saxons · United States
1181
-12
J43SMALL
6:54 Loom
9:20 Feudal Age
9:32 Man-at-Arms
12:07 Double-Bit Axe
16:20 Horse Collar
18:24 Wheelbarrow
24:25 Castle Age
22:56 Gold Mining
22:58 Stone Mining
25:08 Gambesons
25:36 Scale Mail Armor
25:47 Forging
34:06 Chain Mail Armor
39:32 Arson
39:48 Squires
40:28 Iron Casting
40:31 Stone Shaft Mining
40:08 Bow Saw
dashuaibi
0:56 Loom
11:14 Feudal Age
15:59 Castle Age
13:47 Double-Bit Axe
13:50 Horse Collar
16:53 Heavy Plow
17:05 Bow Saw
24:13 Stone Mining
24:14 Gold Mining
25:51 Wheelbarrow
26:04 Fletching
26:14 Padded Archer Armor
27:09 Hand Cart
27:35 Ballistics
28:02 Bodkin Arrow
28:22 Leather Archer Armor
28:11 Elite Skirmisher
36:02 Imperial Age
35:16 Gold Shaft Mining
35:58 Stone Shaft Mining
36:06 Scale Mail Armor
36:16 Forging
36:17 Thumb Ring
37:31 Chain Mail Armor
37:47 Ring Archer Armor
37:17 Bracer
38:54 Crop Rotation
39:26 Two-Man Saw
38:39 Squires
38:25 Gambesons
38:25 Arson
38:01 Pikeman
38:12 Elite Varangian Guard
40:08 Chemistry
LêHuy69
11:21 Feudal Age
14:59 Castle Age
13:49 Double-Bit Axe
14:42 Horse Collar
22:04 Town Watch
22:57 Wheelbarrow
22:08 Loom
24:54 Stone Mining
24:55 Gold Mining
25:16 Bow Saw
25:15 Heavy Plow
29:04 Imperial Age
27:06 Scale Barding Armor
28:15 Chain Barding Armor
28:09 Forging
28:19 Husbandry
29:33 Gold Shaft Mining
28:45 Cavalier
30:38 Plate Barding Armor
30:19 Savar
31:40 Conscription
31:56 Iron Casting
32:00 Hand Cart
33:21 Chemistry
32:16 Fletching
34:05 Blast Furnace
33:17 Town Watch
34:34 Two-Man Saw
34:05 Crop Rotation
34:17 Elite War Elephant
35:31 Murder Holes
35:57 Ballistics
35:33 Bodkin Arrow
36:22 Citadels
38:44 Bloodlines
39:42 Hoardings
39:20 Masonry
C42
3:49 Loom
11:18 Feudal Age
11:52 Double-Bit Axe
11:48 Horse Collar
15:20 Castle Age
16:24 Bow Saw
16:14 Heavy Plow
23:07 Gold Mining
24:23 Wheelbarrow
25:23 Stone Mining
28:36 Imperial Age
26:22 Hand Cart
26:57 Stone Shaft Mining
26:57 Gold Shaft Mining
27:07 Ballistics
27:48 Murder Holes
29:25 Forging
29:20 Scale Barding Armor
29:06 Fletching
29:16 Padded Archer Armor
29:23 Husbandry
29:33 Bloodlines
30:33 Chemistry
29:39 Siege Engineers
30:16 Conscription
29:39 Onager
31:44 Drill
32:01 Coinage
31:33 Town Watch
32:10 Leather Archer Armor
31:51 Bodkin Arrow
33:07 Fortified Wall
33:08 Masonry
32:41 Siege Onager
35:01 Bracer
35:07 Thumb Ring
37:07 Chain Barding Armor
37:10 Elite Mangudai
38:39 Banking
ImperialSheep
0:41 Loom
9:42 Feudal Age
12:14 Town Watch
12:17 Double-Bit Axe
16:37 Castle Age
14:50 Horse Collar
17:33 Bow Saw
23:38 Imperial Age
24:06 Padded Archer Armor
椎名真晝我婆
0:59 Loom
12:10 Feudal Age
18:31 Town Watch
20:32 Wheelbarrow
24:13 Castle Age
23:25 Double-Bit Axe
23:37 Gold Mining
25:15 Bow Saw
36:34 Horse Collar
Murdock
3:20 Loom
11:04 Feudal Age
15:17 Castle Age
13:45 Double-Bit Axe
14:06 Horse Collar
14:22 Gold Mining
14:23 Stone Mining
16:52 Wheelbarrow
28:59 Imperial Age
26:35 Town Watch
27:20 Heavy Plow
27:32 Bow Saw
27:41 Hand Cart
27:43 Forging
27:33 Scale Mail Armor
27:58 Fletching
28:31 Ballistics
28:22 Masonry
28:08 Murder Holes
29:36 Iron Casting
29:26 Chain Mail Armor
30:15 Conscription
30:05 Squires
29:51 Arson
29:33 Shield Wall
30:52 Town Patrol
32:28 Plate Mail Armor
32:31 Architecture
32:07 Siege Engineers
32:03 Pikeman
33:02 Halberdier
34:23 Gambesons
36:57 Bodkin Arrow
37:48 Bracer
huangtmc
10:42 Feudal Age
14:50 Castle Age
13:36 Double-Bit Axe
14:37 Wheelbarrow
14:09 Horse Collar
20:13 Loom
28:34 Scale Barding Armor
28:40 Forging
32:12 Gold Mining
32:13 Stone Mining
32:40 Hand Cart
32:30 Town Watch
32:59 Bloodlines
32:49 Husbandry
33:14 Chain Barding Armor
33:29 Iron Casting
35:35 Imperial Age
33:55 Gold Shaft Mining
34:11 Bow Saw
35:15 Stone Shaft Mining
34:47 Heavy Plow
35:31 Cavalier
36:50 Plate Barding Armor
37:16 Blast Furnace
38:37 Conscription
Connection lost

Rejoining the realm…

Still unreachable

The connection could not be restored.

Session expired

The server has moved on; the page needs a fresh start.